 Dungeon Crawl Stone Soup version 0.17.0-28-g6e173f8 (console) character file.

15372 Kloppie the Magus (level 12, -2/102 HPs)
             Began as a Purple Draconian Monk on Nov 23, 2015.
             Was an Elder of Nemelex Xobeh.
             Slain by a black mamba (16 damage)
             ... on level 2 of the Lair of Beasts.
             The game lasted 00:41:59 (15631 turns).

Kloppie the Magus (Purple Draconian Monk)          Turns: 15631, Time: 00:41:59

Health: -2/102     AC: 13    Str: 14    XL:     12   Next: 0%
Magic:  21/21      EV: 24    Int: 13    God:    Nemelex Xobeh [****..]
Gold:   189        SH:  0    Dex: 16    Spells: 0 memorised, 11 levels left

rFire  . . .     SeeInvis .       - Unarmed
rCold  . . .     Clarity  .     (armour unavailable)
rNeg   + . .     SustAt   .     (no shield)
rPois  .         Gourm    .     (helmet restricted)
rElec  .         Spirit   .     (no cloak)
rCorr  +         Warding  .     c - +1 pair of gloves
rMut   .         Stasis   .     w - +2 pair of boots
MR     +....                    m - amulet of resist corrosion
Stlth  ++........               B - ring of positive energy
                                b - +5 ring of evasion

@: lethally poisoned (-2 -> -40), somewhat resistant to hostile enchantments,
unstealthy
A: breathe power, unfitting armour, cold-blooded, AC +8
a: Breathe Dispelling Energy, Triple Draw, Deal Four, Renounce Religion


You were on level 2 of the Lair of Beasts.
You worshipped Nemelex Xobeh.
Nemelex Xobeh was greatly pleased with you.
You were not hungry.

You visited 3 branches of the dungeon, and saw 15 of its levels.
You also visited: Sewer.

You collected 475 gold pieces.
You spent 286 gold pieces at shops.

Inventory:

Armour
 c - a +1 pair of gloves (worn)
 w - a +2 pair of boots (worn)
 C - a +0 shield
Magical Staves
 o - an uncursed staff of fire
Rods
 H - a +2 rod of inaccuracy (10/10)
   (You found it on level 12 of the Dungeon)
Jewellery
 b - a +5 ring of evasion (left hand)
 j - an uncursed ring of sustain attributes
 m - an amulet of resist corrosion (around neck)
 B - a ring of positive energy (right hand)
Wands
 h - a wand of draining (8)
 s - a wand of confusion (48)
Scrolls
 k - 5 scrolls of teleportation
 q - 6 scrolls of fog
 t - 3 scrolls of recharging
 u - 2 scrolls of magic mapping
 v - 2 scrolls of enchant armour
 E - a scroll of fear
 G - 3 scrolls of identify
 J - 4 scrolls of blinking
 K - a scroll of enchant weapon
Potions
 d - a potion of lignification
 e - a potion of magic
 g - 2 potions of brilliance
 i - a potion of berserk rage
 l - 4 potions of haste
 n - 3 potions of cancellation
 r - 5 potions of curing
 x - 4 potions of ambrosia
 I - 6 potions of heal wounds
Books
 A - a book of Frost

   Spells                             Type                      Level
   a - Freeze                         Ice                          1
   b - Throw Frost                    Conjuration/Ice              2
   c - Ozocubu's Armour               Charms/Ice                   3
   d - Throw Icicle                   Conjuration/Ice              4
   e - Summon Ice Beast               Ice/Summoning                4
   f - Condensation Shield            Ice                          4
Miscellaneous
 f - an ornate deck of destruction {drawn: 9}
 y - a plain deck of destruction {drawn: 1}
 D - a legendary deck of war
 L - a legendary deck of destruction
 N - a plain deck of war {Fortitude, left: 3}
Comestibles
 a - 10 bread rations
 z - 4 fruits
 F - a meat ration


   Skills:
 + Level 8.2 Fighting
 - Level 10.0 Dodging
 - Level 1.7 Stealth
 - Level 10.0 Unarmed Combat
 + Level 13.0 Evocations


You had 11 spell levels left.
You didn't know any spells.

Dungeon Overview and Level Annotations

Branches:
Dungeon (12/15)            Temple (1/1) D:5            Lair (2/8) D:10
    Orc (0/4) D:10

Altars:
Ashenzari
Cheibriados
Dithmenos
Elyvilon
Fedhas
Gozag
Kikubaaqudgha
Makhleb
Nemelex Xobeh
Okawaru
Qazlal
Ru
Sif Muna
Trog
Vehumet
Xom
Yredelemnul
Zin
The Shining One

Shops:
D:9 [   D:10 [}*=   D:12 (

Annotations:
D:3 Gargoyl's ghost, amateur DsAK


Innate Abilities, Weirdness & Mutations

You can breathe bolts of dispelling energy.
Your rich purple scales are hard (AC +8).
Your body does not fit into most forms of armour.
You are cold-blooded and may be slowed by cold attacks.


Message History

The black mamba poisons you! The black mamba bites you!
* * * LOW HITPOINT WARNING * * *
You miss the black mamba.
The black mamba is heavily wounded.
* * * LOW HITPOINT WARNING * * *
You feel very sick. The black mamba closely misses you.
You hit the black mamba but do no damage.
The black mamba is heavily wounded.
* * * LOW HITPOINT WARNING * * *
You feel very sick. The black mamba misses you.
The black mamba completely misses you.
You barely miss the black mamba.
You tail-slap the black mamba, but do no damage.
The black mamba is heavily wounded.
* * * LOW HITPOINT WARNING * * *
You feel very sick. The black mamba bites you!
You die...
Your body glows with a rainbow of weird colours and disappears.

# ## ##### .
###.##P##...##...
.................
..<....<.@†.....>
..........S......
##.##.#.....#...#
###....## ###
##.=.# .....
...... ........


You could see a black mamba.

Vanquished Creatures
  A hydra (D:12)
  A centaur warrior (D:11)
  2 cyclopes
  An elephant (D:10)
  A spiny frog (Lair:1)
  A two-headed ogre (D:10)
  3 blink frogs (Lair:1)
  A slime creature (D:11)
  A troll (D:10)
  A spriggan (D:7)
  A wyvern (D:8)
  20 yaks
  A hippogriff (D:12)
  2 hungry ghosts
  2 wargs (D:10)
  A water moccasin (Lair:1)
  3 porcupines (Lair:1)
  Duvessa (D:4)
  A necrophage (D:7)
  3 sky beasts
  An ice beast (D:7)
  4 phantoms
  An eye of draining (D:12)
  9 orc warriors
  5 centaurs
  5 ogres
  2 big kobolds
  2 crocodiles (Lair:1)
  Dowan (D:4)
  12 giant frogs
  3 scorpions
  12 wights
  12 killer bees
  A giant frog zombie (D:10)
  5 crimson imps
  5 hounds
  2 gnoll shamans
  2 giant frog skeletons
  3 jellies
  5 centaur skeletons
  12 orc priests
  10 orc wizards
  3 worker ants
  An iguana (D:8)
  A sheep (D:10)
  2 killer bee zombies
  A hound zombie (D:5)
  2 hound skeletons
  A worker ant zombie (D:7)
  7 river rats
  12 gnolls
  18 adders
  A shadow imp (D:7)
  3 oozes
  2 worms (D:2)
  4 adder skeletons
  An adder zombie (D:7)
  4 giant geckos
  36 orcs
  11 ball pythons (Sewer)
  7 goblins
  7 hobgoblins
  4 jackals (D:1)
  18 kobolds
  7 bats
  4 giant cockroaches
  A giant gecko zombie (D:7)
  4 giant newts
  A jackal zombie (D:7)
  A quokka (D:10)
  A quokka skeleton (D:8)
  A quokka zombie (D:8)
  28 rats
356 creatures vanquished.

Vanquished Creatures (collateral kills)
  Erolcha (D:9)
  2 yaks (Lair:1)
  A crocodile (D:10)
  A jelly (D:8)
  2 orc priests (D:8)
  A gnoll (D:7)
  An adder (D:8)
  2 kobolds (D:10)
11 creatures vanquished.

Grand Total: 367 creatures vanquished

Notes
Turn   | Place    | Note
--------------------------------------------------------------
     0 | D:1      | Kloppie the Draconian Monk began the quest for the Orb.
     0 | D:1      | Reached XP level 1. HP: 19/19 MP: 1/1
    84 | D:1      | Reached XP level 2. HP: 23/26 MP: 2/2
   620 | D:2      | Reached XP level 3. HP: 33/33 MP: 3/3
  1076 | D:2      | Reached XP level 4. HP: 40/40 MP: 4/4
  1230 | D:3      | Noticed Gargoyl's ghost (amateur DsAK)
  1648 | D:4      | Found a glowing drain.
  1843 | Sewer    | Entered a sewer
  1974 | Sewer    | Reached XP level 5. HP: 44/47 MP: 5/5
  1983 | Sewer    | Reached skill level 5 in Unarmed Combat
  3104 | Sewer    | Reached XP level 6. HP: 17/55 MP: 6/6
  3343 | Sewer    | Noticed a giant frog
  3343 | Sewer    | Noticed a giant frog
  3376 | Sewer    | Killed a giant frog
  3376 | Sewer    | Reached skill level 5 in Fighting
  3379 | Sewer    | Killed a giant frog
  3554 | D:4      | Found a blossoming altar of Fedhas.
  3705 | D:4      | Noticed Dowan
  3707 | D:4      | Noticed Duvessa
  3740 | D:4      | Killed Duvessa
  3740 | D:4      | Reached skill level 5 in Dodging
  3740 | D:4      | Your scales start taking on a rich purple colour.
  3740 | D:4      | Reached XP level 7. HP: 46/62 MP: 7/7
  3761 | D:4      | Killed Dowan
  3761 | D:4      | Reached skill level 6 in Unarmed Combat
  4275 | D:5      | Entered Level 5 of the Dungeon
  4880 | D:5      | Found a staircase to the Ecumenical Temple.
  4900 | Temple   | Entered the Ecumenical Temple
  5009 | Temple   | Became a worshipper of Nemelex Xobeh the Trickster
  5009 | Temple   | Received a gift from Nemelex Xobeh
  5009 | Temple   | Reached * piety under Nemelex Xobeh
  5009 | Temple   | Received a gift from Nemelex Xobeh
  5009 | Temple   | Reached ** piety under Nemelex Xobeh
  5272 | D:6      | Reached skill level 1 in Evocations
  5272 | D:6      | Reached XP level 8. HP: 47/71 MP: 7/9
  5603 | D:6      | Reached skill level 7 in Unarmed Combat
  6627 | D:7      | Reached skill level 8 in Unarmed Combat
  6744 | D:7      | Reached skill level 5 in Evocations
  7134 | D:7      | Reached XP level 9. HP: 63/78 MP: 11/13
  7345 | D:7      | Reached skill level 9 in Unarmed Combat
  7470 | D:7      | Reached *** piety under Nemelex Xobeh
  7747 | D:8      | Received a gift from Nemelex Xobeh
  8864 | D:8      | Reached skill level 10 in Unarmed Combat
  9552 | D:8      | Reached XP level 10. HP: 84/84 MP: 16/16
  9985 | D:9      | Found Ygymiemaott's Antique Armour Shoppe.
  9989 | D:9      | Bought a shield for 121 gold pieces
 10034 | D:9      | You fall through a shaft for 3 floors!
 10202 | D:12     | Found Otadoc's Antique Weapon Emporium.
 10490 | D:12     | Noticed a cyclops
 10511 | D:12     | Killed a cyclops
 10545 | D:12     | Noticed a five-headed hydra
 10548 | D:12     | Killed a five-headed hydra
 10565 | D:11     | Reached skill level 10 in Evocations
 10683 | D:11     | Noticed a centaur warrior
 10695 | D:11     | Killed a centaur warrior
 10884 | D:11     | Received a gift from Nemelex Xobeh
 10887 | D:10     | Entered Level 10 of the Dungeon
 11195 | D:9      | Noticed Erolcha
 11200 | D:9      | Killed Erolcha
 11201 | D:9      | Reached **** piety under Nemelex Xobeh
 11554 | D:9      | Reached XP level 11. HP: 91/91 MP: 19/19
 11594 | D:10     | Reached skill level 11 in Evocations
 11643 | D:10     | Found Fumof's Armour Shop.
 11728 | D:10     | Found Osyfriga's Gadget Shoppe.
 11750 | D:10     | Found Fiudgh Ones's Assorted Antiques.
 11751 | D:10     | Identified a +2 rod of inaccuracy (10/10) (You found it on level 12 of the Dungeon)
 11755 | D:10     | Bought a large granite ring for 165 gold pieces
 11765 | D:10     | Found a staircase to the Lair.
 11765 | D:10     | Noticed an elephant
 11796 | D:10     | Killed an elephant
 11923 | D:10     | Noticed a cyclops
 11937 | D:10     | Killed a cyclops
 11952 | D:10     | Received a gift from Nemelex Xobeh
 12361 | D:10     | Found a staircase to the Orcish Mines.
 13058 | D:10     | Found Weczukuw's Jewellery Boutique.
 13357 | Lair:1   | Entered Level 1 of the Lair of Beasts
 13466 | Lair:1   | Reached ***** piety under Nemelex Xobeh
 13738 | D:10     | Reached skill level 12 in Evocations
 14307 | Lair:1   | Reached skill level 10 in Dodging
 14371 | Lair:1   | Received a gift from Nemelex Xobeh
 15560 | Lair:1   | Reached skill level 13 in Evocations
 15606 | Lair:1   | Reached XP level 12. HP: 53/102 MP: 21/21
 15631 | Lair:2   | Slain by a black mamba

Action                   |  1- 3 |  4- 6 |  7- 9 | 10-12 || total
-------------------------+-------+-------+-------+-------++-------
Melee: Unarmed           |   143 |   294 |   676 |   854 ||  1967
Invok: Stack Five        |       |       |       |     1 ||     1
Evoke: Deck              |       |       |    10 |    13 ||    23
  Use: Scroll            |       |    10 |     8 |     9 ||    27
       Potion            |       |     6 |     1 |       ||     7
 Stab: Sleeping          |     2 |     1 |     4 |     5 ||    12
       Distracted        |       |       |       |     1 ||     1
  Eat: Chunk             |       |     9 |    10 |    20 ||    39
       Beef jerky        |       |       |     2 |       ||     2
       Bread ration      |       |       |     2 |       ||     2
       Fruit             |       |       |       |     1 ||     1
